TOP OF THE 1ST |
University of Virginia Cavaliers batting - Pitching for University of Nebraska Cornhuskers : RHP Jorge Morales
|
Pitching: RHP Jorge Morales
|
|
Batting: RHB Scott Anderson
|
0-0: Ball 1-0: Foul Ball, location: 9LSF 1-1: Foul Ball, location: 2F 1-2: Foul Ball, location: 3FF 1-2: Ball 2-2: Ball 3-2: Strikes out swinging
|
Batting: LHB Edelberto Barbas
|
0-0: Called Strike 0-1: Called Strike 0-2: Foul Ball, location: 3F 0-2: Strikes out swinging
|
Batting: LHB Eustachio Bontempi
|
0-0: Ball 1-0: SINGLE (Line Drive, 6MD, EV 102.5 MPH)
|
Batting: SHB Ethan Lewis
|
Pickoff Play to 1st, Runner tries for 2nd, OUT after rundown.
|
Top of the 1st over - 0 runs, 1 hit, 0 errors, 0 left on base; University of Virginia 0 - University of Nebraska 0 |
BOTTOM OF THE 1ST |
University of Nebraska Cornhuskers batting - Pitching for University of Virginia Cavaliers : RHP Jayden Johnson
|
Pitching: RHP Jayden Johnson
|
|
Batting: SHB Gary Luckwell
|
0-0: Single, Error in OF, E8, batter to second base (Groundball, 4, EV 103.8 MPH)
|
Batting: RHB Carlos Salazar
|
0-0: Ground out 1-3 (Groundball, 15S, EV 70.0 MPH)
|
Batting: LHB Bob Appleby
|
0-0: Ball 1-0: Swinging Strike 1-1: Ball 2-1: Foul Ball, location: 2F 2-2: Ball 3-2: Foul Ball, location: 5F 3-2: Strikes out looking
|
Batting: RHB Mario Lopec
|
0-0: Ball 1-0: Swinging Strike 1-1: Fly out, F8 (Flyball, 8LD, EV 81.3 MPH)
|
Bottom of the 1st over - 0 runs, 1 hit, 1 error, 1 left on base; University of Virginia 0 - University of Nebraska 0 |
TOP OF THE 2ND |
University of Virginia Cavaliers batting - Pitching for University of Nebraska Cornhuskers : RHP Jorge Morales
|
Batting: SHB Ethan Lewis
|
0-0: Foul Ball, location: 23F 0-1: Foul Ball, location: 2F 0-2: Strikes out looking
|
Batting: LHB Josh Doan
|
0-0: Called Strike 0-1: Called Strike 0-2: Ball 1-2: Fly out, F7 (Flyball, 78M, EV 83.1 MPH)
|
Batting: RHB Rob Coble
|
0-0: Foul Ball, location: 3FF 0-1: Ball 1-1: Ball 2-1: Swinging Strike 2-2: Ball 3-2: Strikes out swinging
|
Top of the 2nd over - 0 runs, 0 hits, 0 errors, 0 left on base; University of Virginia 0 - University of Nebraska 0 |
BOTTOM OF THE 2ND |
University of Nebraska Cornhuskers batting - Pitching for University of Virginia Cavaliers : RHP Jayden Johnson
|
Batting: RHB Matt Peters
|
0-0: Called Strike 0-1: Ball 1-1: Ball 2-1: Called Strike 2-2: Ball 3-2: SINGLE (Groundball, 6MD, EV 108.1 MPH)
|
Batting: LHB Mike Rawson
|
0-0: Swinging Strike 0-1: Sac Bunt to 5S - play at first, batter safe! Matt Peters to second
|
Batting: SHB Andy Henn
|
0-0: Ball 1-0: Ball 2-0: Fly out, F9 (Flyball, 9LS, EV 93.8 MPH)
|
Batting: RHB Tariq Garane
|
0-0: Called Strike 0-1: Ball 1-1: Called Strike 1-2: Ball 2-2: Strikes out looking
|
Batting: RHB Alex Garcia
|
0-0: Ball 1-0: Ball 2-0: Ball 3-0: Called Strike 3-1: Foul Ball, location: 9LSF 3-2: Foul Ball, location: 9LSF 3-2: SINGLE (Groundball, 34D, EV 103.1 MPH) Matt Peters to third Mike Rawson to second Matt Peters scores Mike Rawson to third
|
Batting: SHB Gary Luckwell
|
0-0: Fly out, F8 (Line Drive, 89M, EV 91.3 MPH)
|
Bottom of the 2nd over - 1 run, 3 hits, 0 errors, 2 left on base; University of Virginia 0 - University of Nebraska 1 |
TOP OF THE 3RD |
University of Virginia Cavaliers batting - Pitching for University of Nebraska Cornhuskers : RHP Jorge Morales
|
Batting: RHB Jason Thresher
|
0-0: Foul Ball, location: 3F 0-1: Ball 1-1: Ground out 6-3 (Groundball, 6, EV 110.0 MPH)
|
Batting: LHB Ray Nichter
|
0-0: Called Strike 0-1: Ball 1-1: Ball 2-1: Ground out U3 (Groundball, 3, EV 105.0 MPH)
|
Batting: RHB Allen McCaskill
|
0-0: Called Strike 0-1: Foul Ball, location: 2F 0-2: Strikes out swinging
|
Top of the 3rd over - 0 runs, 0 hits, 0 errors, 0 left on base; University of Virginia 0 - University of Nebraska 1 |
BOTTOM OF THE 3RD |
University of Nebraska Cornhuskers batting - Pitching for University of Virginia Cavaliers : RHP Jayden Johnson
|
Batting: RHB Carlos Salazar
|
0-0: Fly out, F7 (Flyball, 78S, EV 91.9 MPH)
|
Batting: LHB Bob Appleby
|
0-0: Called Strike 0-1: Ball 1-1: Swinging Strike 1-2: Foul Ball, location: 7LDF 1-2: SINGLE (Groundball, 6MD, EV 102.5 MPH)
|
Batting: RHB Mario Lopec
|
0-0: Called Strike 0-1: Ball Bob Appleby is caught stealing 2nd base 2-4 1-1: Ball 2-1: Foul Ball, location: 5DF 2-2: Ball 3-2: SINGLE (Line Drive, 7S, EV 103.8 MPH)
|
Batting: RHB Matt Peters
|
0-0: Ball 1-0: Ball Mario Lopec is caught stealing 2nd base 2-4
|
Bottom of the 3rd over - 0 runs, 2 hits, 0 errors, 0 left on base; University of Virginia 0 - University of Nebraska 1 |
TOP OF THE 4TH |
University of Virginia Cavaliers batting - Pitching for University of Nebraska Cornhuskers : RHP Jorge Morales
|
Batting: RHB Scott Anderson
|
0-0: SINGLE (Groundball, 34D, EV 97.5 MPH)
|
Batting: LHB Edelberto Barbas
|
0-0: Called Strike 0-1: Swinging Strike 0-2: Foul Ball, location: 7LDF 0-2: Ball 1-2: Ball 2-2: Ball 3-2: DOUBLE (Line Drive, 9LM, EV 93.1 MPH) Scott Anderson to third
|
Batting: LHB Eustachio Bontempi
|
0-0: Called Strike 0-1: Called Strike 0-2: Ball 1-2: Foul Ball, location: 2F 1-2: Foul Ball, location: 7LSF 1-2: Foul Ball, location: 2LF 1-2: Ball 2-2: Ball 3-2: Foul Ball, location: 5DF 3-2: SINGLE (Groundball, 34D, EV 102.5 MPH) Scott Anderson scores Edelberto Barbas to third Runner from 3rd tries for Home, SAFE, throw by RF to home
|
Batting: SHB Ethan Lewis
|
0-0: Called Strike 0-1: Foul Ball, location: 9LDF 0-2: Ball 1-2: Ball Passed Ball! Eustachio Bontempi to second 2-2: Ball 3-2: Foul Ball, location: 9LMF 3-2: Strikes out looking
|
Batting: LHB Josh Doan
|
0-0: Called Strike 0-1: Ball 1-1: Foul Ball, location: 3DF 1-2: Ball 2-2: Ball 3-2: Base on Balls
|
Batting: RHB Rob Coble
|
0-0: Ball 1-0: Called Strike 1-1: Called Strike 1-2: Strikes out swinging
|
Batting: RHB Jason Thresher
|
0-0: Ball 1-0: Ball 2-0: Ball 3-0: Called Strike 3-1: Base on Balls Eustachio Bontempi to third Josh Doan to second
|
Pitching: LHP Vaughan Schultz
|
|
Batting: LHB Ray Nichter
|
0-0: Called Strike 0-1: Called Strike 0-2: Reached via error on a dropped throw from 1B, E1 (Groundball, 34, EV 81.9 MPH) Eustachio Bontempi scores Josh Doan to third Jason Thresher to second
|
Batting: RHB Allen McCaskill
|
0-0: Swinging Strike 0-1: Foul Ball, location: 3DF 0-2: Strikes out swinging
|
Top of the 4th over - 3 runs, 3 hits, 1 error, 3 left on base; University of Virginia 3 - University of Nebraska 1 |
BOTTOM OF THE 4TH |
University of Nebraska Cornhuskers batting - Pitching for University of Virginia Cavaliers : RHP Jayden Johnson
|
Batting: RHB Matt Peters
|
0-0: Ball 1-0: Ball 2-0: Called Strike 2-1: Fly out, F8 (Flyball, 8RD, EV 96.9 MPH)
|
Batting: LHB Mike Rawson
|
0-0: Ground out 6-3 (Groundball, 6, EV 102.5 MPH)
|
Batting: SHB Andy Henn
|
0-0: Foul Ball, location: 2F 0-1: SINGLE (Line Drive, 8RS, EV 95.6 MPH)
|
Batting: RHB Tariq Garane
|
0-0: Swinging Strike 0-1: Called Strike 0-2: Ball 1-2: Strikes out swinging
|
Bottom of the 4th over - 0 runs, 1 hit, 0 errors, 1 left on base; University of Virginia 3 - University of Nebraska 1 |
TOP OF THE 5TH |
University of Virginia Cavaliers batting - Pitching for University of Nebraska Cornhuskers : LHP Vaughan Schultz
|
Batting: RHB Scott Anderson
|
0-0: Called Strike 0-1: Fly out, F8 (Flyball, 8RM, EV 88.8 MPH)
|
Batting: LHB Edelberto Barbas
|
0-0: Ball 1-0: Called Strike 1-1: Foul Ball, location: 7LSF 1-2: SINGLE (Line Drive, 4MD, EV 101.9 MPH)
|
Batting: LHB Eustachio Bontempi
|
0-0: Ball 1-0: Ball 2-0: SINGLE (Line Drive, 4M, EV 96.9 MPH) Edelberto Barbas to second
|
Batting: SHB Ethan Lewis
|
0-0: Called Strike 0-1: Called Strike 0-2: Strikes out swinging
|
Batting: LHB Josh Doan
|
0-0: Ball 1-0: Swinging Strike 1-1: Fly out, F9 (Flyball, 89S, EV 84.4 MPH)
|
Top of the 5th over - 0 runs, 2 hits, 0 errors, 2 left on base; University of Virginia 3 - University of Nebraska 1 |
BOTTOM OF THE 5TH |
University of Nebraska Cornhuskers batting - Pitching for University of Virginia Cavaliers : RHP Jayden Johnson
|
Batting: RHB Alex Garcia
|
0-0: Called Strike 0-1: Ball 1-1: Swinging Strike 1-2: Ball 2-2: Strikes out looking
|
Batting: SHB Gary Luckwell
|
0-0: Ball 1-0: Ball 2-0: Called Strike 2-1: Foul Ball, location: 25F 2-2: Ball 3-2: Foul Ball, location: 2F 3-2: Strikes out looking
|
Batting: RHB Carlos Salazar
|
0-0: Foul Ball, location: 2F 0-1: Called Strike 0-2: Strikes out looking
|
Bottom of the 5th over - 0 runs, 0 hits, 0 errors, 0 left on base; University of Virginia 3 - University of Nebraska 1 |
TOP OF THE 6TH |
University of Virginia Cavaliers batting - Pitching for University of Nebraska Cornhuskers : LHP Vaughan Schultz
|
Batting: RHB Rob Coble
|
0-0: Ball 1-0: Ball 2-0: Ball 3-0: Base on Balls
|
Batting: RHB Jason Thresher
|
0-0: Sac Bunt to 3S - play at first, batter OUT! 3-4 Rob Coble to second
|
Batting: LHB Ray Nichter
|
0-0: Ball 1-0: Called Strike 1-1: Ball 2-1: Called Strike 2-2: Ball 3-2: Strikes out swinging
|
Batting: RHB Allen McCaskill
|
0-0: Ball 1-0: Ball 2-0: Fly out, F9 (Flyball, 89D, EV 93.1 MPH)
|
Top of the 6th over - 0 runs, 0 hits, 0 errors, 1 left on base; University of Virginia 3 - University of Nebraska 1 |
BOTTOM OF THE 6TH |
University of Nebraska Cornhuskers batting - Pitching for University of Virginia Cavaliers : RHP Jayden Johnson
|
Pitching: RHP Jonathan Bolton
|
|
Batting: LHB Bob Appleby
|
0-0: Foul Ball, location: 2RF 0-1: Ball 1-1: Called Strike 1-2: Ball 2-2: Ball 3-2: Fly out, F7 (Flyball, 78S, EV 96.3 MPH)
|
Batting: RHB Mario Lopec
|
0-0: Called Strike 0-1: SINGLE (Line Drive, 6M, EV 105.6 MPH)
|
Batting: RHB Matt Peters
|
0-0: Ball 1-0: Called Strike 1-1: Foul Ball, location: 5FF 1-2: Foul Ball, location: 5FF 1-2: Strikes out swinging
|
Batting: LHB Mike Rawson
|
0-0: Called Strike 0-1: Ball Mario Lopec steals 2nd base 1-1: DOUBLE (Line Drive, 7LD, EV 100.6 MPH) Mario Lopec scores
|
Batting: SHB Andy Henn
|
0-0: SINGLE (Groundball, 4MD, EV 105.6 MPH) Mike Rawson to third Runner from 3rd tries for Home, SAFE, throw by CF to home
|
Batting: RHB Tariq Garane
|
0-0: Called Strike 0-1: Called Strike 0-2: Ground out 6-3 (Groundball, 6, EV 78.1 MPH)
|
Bottom of the 6th over - 2 runs, 3 hits, 0 errors, 1 left on base; University of Virginia 3 - University of Nebraska 3 |
TOP OF THE 7TH |
University of Virginia Cavaliers batting - Pitching for University of Nebraska Cornhuskers : LHP Vaughan Schultz
|
Pitching: RHP Chris Brumfiel
|
|
Batting: RHB Scott Anderson
|
0-0: Ball 1-0: Ground out 6-3 (Groundball, 6, EV 104.4 MPH)
|
Pitching: LHP Peter Parker
|
|
Batting: LHB Edelberto Barbas
|
0-0: Ball 1-0: Ball 2-0: Called Strike 2-1: Called Strike 2-2: Ground out 4-3 (Groundball, 4M, EV 100.6 MPH)
|
Batting: LHB Eustachio Bontempi
|
0-0: Foul Ball, location: 7LSF 0-1: Ground out 4-3 (Groundball, 34, EV 84.4 MPH)
|
Top of the 7th over - 0 runs, 0 hits, 0 errors, 0 left on base; University of Virginia 3 - University of Nebraska 3 |
BOTTOM OF THE 7TH |
University of Nebraska Cornhuskers batting - Pitching for University of Virginia Cavaliers : RHP Jonathan Bolton
|
Pitching: LHP Trent Hassett
|
|
Batting: RHB Alex Garcia
|
0-0: Called Strike 0-1: Ball 1-1: Swinging Strike 1-2: Ball 2-2: Foul Ball, location: 25F 2-2: Ball 3-2: Base on Balls
|
Batting: SHB Gary Luckwell
|
0-0: SINGLE (Groundball, 56, EV 76.9 MPH) Alex Garcia to second
|
Batting: RHB Carlos Salazar
|
0-0: Sac Bunt to 15 - play at first, batter OUT! 1-4 Alex Garcia to third Gary Luckwell to second
|
Batting: LHB Bob Appleby
|
0-0: Ball 1-0: Hit by Pitch
|
Batting: RHB Mario Lopec
|
0-0: Called Strike 0-1: Foul Ball, location: 7LMF 0-2: Strikes out swinging
|
Batting: RHB Matt Peters
|
0-0: Ball 1-0: Ball 2-0: Swinging Strike 2-1: SINGLE (Groundball, 34D, EV 100.0 MPH) Alex Garcia scores Gary Luckwell to third Bob Appleby to second Runner from 3rd tries for Home, throw by RF and OUT! 9-2
|
Bottom of the 7th over - 1 run, 2 hits, 0 errors, 2 left on base; University of Virginia 3 - University of Nebraska 4 |
TOP OF THE 8TH |
University of Virginia Cavaliers batting - Pitching for University of Nebraska Cornhuskers : LHP Peter Parker
|
Pitching: RHP Felix Amaro
|
|
Batting: SHB Ethan Lewis
|
0-0: Called Strike 0-1: Foul Ball, location: 7LSF 0-2: Ball 1-2: Strikes out looking
|
Batting: LHB Josh Doan
|
0-0: Ball 1-0: SINGLE (Groundball, 6M, EV 78.1 MPH)
|
Batting: RHB Leo Baxter
|
0-0: Foul Ball, location: 9LSF 0-1: Sac Bunt to 13S - play at first, batter OUT! 1-4 Josh Doan to second
|
Batting: RHB Jason Thresher
|
0-0: Ball 1-0: Swinging Strike 1-1: Ball 2-1: Swinging Strike 2-2: Foul Ball, location: 23F 2-2: Strikes out swinging
|
Top of the 8th over - 0 runs, 1 hit, 0 errors, 1 left on base; University of Virginia 3 - University of Nebraska 4 |
BOTTOM OF THE 8TH |
University of Nebraska Cornhuskers batting - Pitching for University of Virginia Cavaliers : LHP Trent Hassett
|
Batting: LHB Mike Rawson
|
0-0: Ball 1-0: Fly out, F7 (Flyball, 7LD, EV 98.1 MPH)
|
Batting: SHB Andy Henn
|
0-0: Ball 1-0: Swinging Strike 1-1: Fly out, F8 (Line Drive, 8LD, EV 88.1 MPH)
|
Batting: RHB Tariq Garane
|
0-0: Ball 1-0: Called Strike 1-1: Called Strike 1-2: Foul Ball, location: 9LDF 1-2: Ball 2-2: Foul Ball, location: 3F 2-2: Reached on error, E6 (Groundball, 6, EV 84.4 MPH)
|
Batting: RHB Alex Garcia
|
0-0: Ball 1-0: Called Strike 1-1: Ball 2-1: Called Strike 2-2: Ground out 6-3 (Groundball, 6, EV 81.3 MPH)
|
Bottom of the 8th over - 0 runs, 0 hits, 1 error, 1 left on base; University of Virginia 3 - University of Nebraska 4 |
TOP OF THE 9TH |
University of Virginia Cavaliers batting - Pitching for University of Nebraska Cornhuskers : RHP Felix Amaro
|
Pinch Hitting: RHB Sean Carswell
|
0-0: Ball 1-0: Ground out 6-3 (Groundball, 6, EV 81.3 MPH)
|
Batting: RHB Allen McCaskill
|
0-0: Ball 1-0: Foul Ball, location: 5DF 1-1: Foul Ball, location: 9LDF 1-2: Strikes out looking
|
Batting: RHB Scott Anderson
|
0-0: Ball 1-0: Called Strike 1-1: Foul Ball, location: 2LF 1-2: Strikes out looking
|
Top of the 9th over - 0 runs, 0 hits, 0 errors, 0 left on base; University of Virginia 3 - University of Nebraska 4 |
|